[Event "Late-Titled-Tuesday-Blitz-February-06-2024"]
[Site "Chess.com"]
[Date "2024.02.06"]
[Round "11"]
[White "Njal28"]
[Black "ameetghasi100"]
[Result "1-0"]
[WhiteElo "3001"]
[BlackElo "2746"]
[TimeControl "180+1"]
[EndTime "16:05:37 PST"]
[Termination "Njal28 won on time"]

1. e4 g6 2. d4 d6 3. Nf3 Bg7 4.
Be3 Nf6 5. Nc3 O-O 6. Qd2 Nc6 7. Bh6 Bg4 8. d5 Bxf3 9. gxf3 Nd4 10. O-O-O c5 11.
dxc6 Nxc6 12. h4 Qa5 13. Bxg7 Kxg7 14. h5 Nxh5 15. f4 Rac8 16. Bc4 e6 17. f5 Qe5 18. Kb1 Kh8 19. Rdg1 Nd4 20. Be2 Nf4 21. Bd1 exf5 22. exf5 Nxf5 23. Rg4 Ne6 24. Re4 Qg7 25. Nd5 Nc5 26. Rc4 Rce8 27. Bf3 b5 28. Rg4 Re5 29. a3 Rfe8 30. Nc7 Rb8 31. Rg2 Ne6 32. Nxe6 fxe6 33. Rgh2 h5 34. Bxh5 gxh5 35. Rxh5+ Kg8 36. Rg5 Rf8 37.
Rxg7+ Nxg7 38. Qh6 Ref5 39. Rg1 R8f7 40. f4 Kf8 41.
Qh8+ Ke7 42. Rxg7 Rxf4 43. Rxf7+ Rxf7 44. Qa8 d5 45. Qxa7+ Kf6 46. Qf2+ Ke7 47. Qc5+ Kf6 48. Qxb5 Ke5 49. a4 Kf4 50. Qf1+ Ke3 51. Qxf7 e5 52. Qxd5 e4 53. a5 Kf2 54. Qxe4 Kf1 55. Qe3 Kg2 56.
Kc1 Kf1 57. Qd2 Kg1 58. Qe2 Kh1 59. Kd2 Kg1 60. Ke3 Kh1 61. Kf3 Kg1 62. Kg3 1-0

[Event "Late-Titled-Tuesday-Blitz-February-06-2024"]
[Site "Chess.com"]
[Date "2024.02.06"]
[Round "11"]
[White "cande_francisco"]
[Black "kai_nov"]
[Result "0-1"]
[WhiteElo "2503"]
[BlackElo "2321"]
[TimeControl "180+1"]
[EndTime "16:05:40 PST"]
[Termination "kai_nov won by checkmate"]

1. e4 c5 2. Nf3 Nc6 3. Bb5 e6 4.
Bxc6 bxc6 5. b3 Ne7 6. Bb2 Ng6 7. h4 h5 8. e5 f6 9. exf6 gxf6 10. O-O d5 11. d4 cxd4 12. Nxd4 Qc7 13. Re1 e5 14. c4 Be7 15. cxd5 cxd5 16. Nb5 Qd7 17. Qxd5 Qxd5 18. Nc7+ Kf7 19. Nxd5 Nxh4 20. Nxe7 Kxe7 21. f4 Rg8 22. Re2 Ba6 23. Rc2 Nf3+ 24. Kh1 Ne1 25. Rc7+ Kd6 26.
Rf7 Ke6 27. Rh7 Nxg2 28. fxe5 fxe5 29. Rh6+ Kd5 30. Rxh5 Nf4 31. Rxe5+ Kd6 32. Nd2 Bb7+ 33. Ne4+ Bxe4+ 34. Rxe4 Nd5 35. Rd1 Rg6 36. Ba3+ Kc6 37. Rc4+ Kb7 38. Rh4 Ne3 39. Rd7+ Kc6 40. Rd3 Nf5 41. Rc3+ Kb7 42. Rhh3 Re8 43. Rc1 Re2 44. Rh7+ Kb6 45. Bc5+ Kb5 46. a4+ Kc6 47. Bxa7+ Kd5 48. Rd1+ Ke4 49. Bb8 Ne3 50. Re7+ Kf3 51. Rg1 Rh6+ 52.
Bh2 Rhxh2# 0-1

[Event "Late-Titled-Tuesday-Blitz-February-06-2024"]
[Site "Chess.com"]
[Date "2024.02.06"]
[Round "11"]
[White "DanielNaroditsky"]
[Black "FairChess_on_YouTube"]
[Result "0-1"]
[WhiteElo "3191"]
[BlackElo "3077"]
[TimeControl "180+1"]
[EndTime "16:05:41 PST"]
[Termination "FairChess_on_YouTube won on time"]

1. e4 c5 2. Nf3 e6 3. c3 d5 4.
exd5 Qxd5 5. d4 Nf6 6. Na3 Qd8 7. Nc4 Be7 8. Bd3 O-O 9. O-O Nbd7 10. Re1 b6 11.
Nce5 Bb7 12. Bg5 cxd4 13. Nxd7 Nxd7 14. Bxe7 Qxe7 15. Nxd4 Qg5 16. Nf3 Qe7 17. Nd4 Qg5 18. Nf3 Bxf3 19. Qxf3 Ne5 20. Qe4 Nxd3 21. Qxd3 Rad8 22.
Qa6 Rd2 23. Qxa7 Qc5 24. Rf1 Rxb2 25. a4 Qxc3 26. Rac1 Qb4 27. h3 g6 28. Rc7 Ra2 29.
Rb7 Rxa4 30. Qxb6 Qxb6 31. Rxb6 Rd8 32. Rfb1 Kg7 33. Rb7 Rd2 34. R1b2 Rd1+ 35. Kh2 Rf4 36. f3 h5 37. Re2 h4 38. Reb2 Rc4 39. R7b4 Rdd4 40.
Rxc4 Rxc4 41. Kg1 g5 42. Kf2 Kg6 43. Rd2 Kf5 44. Rd7 f6 45. Kg1 Kf4 46. Kh2 f5 47.
Re7 e5 48. Re8 Rc2 49. Re7 Rc5 50. Re8 e4 51. fxe4 fxe4 52. Kg1 Kg3 53. Kf1 Rc1+ 54. Ke2 Kxg2 55. Re5 g4 56. hxg4 h3 0-1

[Event "Late-Titled-Tuesday-Blitz-February-06-2024"]
[Site "Chess.com"]
[Date "2024.02.06"]
[Round "11"]
[White "andrzej"]
[Black "N_I_Chess"]
[Result "1-0"]
[WhiteElo "2460"]
[BlackElo "2333"]
[TimeControl "180+1"]
[EndTime "16:05:41 PST"]
[Termination "andrzej won on time"]

1. e4 Nf6 2. e5 Nd5 3. d4 d6 4. c4 Nb6 5. f4 g6 6. Nc3 Bg7 7. Be3 dxe5 8. fxe5 c5 9. dxc5 N6d7 10. Nf3 Nc6 11. e6 fxe6 12. Be2 O-O 13. O-O Nf6 14.
Qc2 e5 15. Rad1 Qa5 16. Nd5 Bf5 17. Qb3 Ng4 18. Qb5 Nxe3 19. Nxe3 Qxb5 20. cxb5 Nd4 21. Bc4+ Kh8 22. Ng5 h6 23. Nf7+ Kh7 24. Nxf5 Nxf5 25. Rd7 Ne3 26. Be6 Nxf1 27. Kxf1 Rac8 28. b4 Rb8 29.
Rxe7 Rfe8 30. Rxe8 Rxe8 31. Bd5 Rf8 32. Ke2 e4 33.
Nd6 Bc3 34. a3 b6 35. Nxe4 Bb2 36. c6 Bxa3 37. Be6 Re8 38. c7 Rxe6 39. c8=Q Rxe4+ 40. Kd3 Re7 41. Qc3 Rd7+ 42. Ke2 Re7+ 43. Kf1 Rf7+ 44. Kg1 Bxb4 45. Qxb4 Rd7 46. h3 h5 47. Kh2 Rf7 48. Qb3 Kg7 49. Qc3+ Kh7 50. Kg3 Kh6 51. Qe3+ Kg7 52. Qe5+ Kh7 53. Qe6 Kg7 54. Kh4 Rf6 55. Qe7+ Rf7 56. Qe5+ Kh7 57. Kg5 Rc7 58. Qxc7+ 1-0

[Event "Late-Titled-Tuesday-Blitz-February-06-2024"]
[Site "Chess.com"]
[Date "2024.02.06"]
[Round "11"]
[White "hakanazeri2"]
[Black "YouShallNotPass001"]
[Result "1-0"]
[WhiteElo "2642"]
[BlackElo "2482"]
[TimeControl "180+1"]
[EndTime "16:05:42 PST"]
[Termination "hakanazeri2 won by checkmate"]

1. c4 Nf6 2. Nf3 e6 3. g3 c5 4. Bg2 a6 5. O-O Be7 6. Nc3 O-O 7. b3 d6 8. Bb2 Qc7 9. d4 b6 10. e4 cxd4 11. Nxd4 Bb7 12. Re1 Nbd7 13. Qd2 Rac8 14. Rac1 Qb8 15. h3 Rfd8 16. Ba3 Qa8 17. Nc2 Nc5 18. Qe3 Bf8 19. Bb2 b5 20. cxb5 axb5 21.
Nxb5 Qxa2 22. Bxf6 gxf6 23. Ncd4 Qa5 24. Rb1 Qb4 25. Nc3 Nd7 26. Rec1 Bg7 27. Na2 Qa5 28. Nc3 Qb4 29. Nde2 Nc5 30. Na2 Qa3 31. Nac3 Ba6 32. Nd4 Qb4 33. Nce2 Nd3 34. Rd1 Nc5 35. Nf4 e5 36.
Nf5 exf4 37. Qxf4 Ne6 38. Qg4 Kf8 39. Ra1 Qb6 40. Bf1 Bxf1 41. Rxf1 Qxb3 42. Qh5 Qb7 43. Qxh7 Qxe4 44. Rfe1 Qc2 45. Rxe6 Qxf5 46. Qxf5 fxe6 47. Qxe6 Rc7 48. Re1 Rf7 49. Qd5 Rfd7 50. h4 Rf7 51. h5 Bh6 52. Qf5 Bd2 53. Re2 Bc3 54. h6 Ra8 55. Qg6 Raa7 56. h7 Rxh7 57. Re8# 1-0

[Event "Late-Titled-Tuesday-Blitz-February-06-2024"]
[Site "Chess.com"]
[Date "2024.02.06"]
[Round "11"]
[White "nihalsarin"]
[Black "LyonBeast"]
[Result "1-0"]
[WhiteElo "3137"]
[BlackElo "3171"]
[TimeControl "180+1"]
[EndTime "16:05:46 PST"]
[Termination "nihalsarin won by resignation"]

1. c4 e5 2. g3 c6 3. Nf3 e4 4.
Nd4 d5 5. cxd5 Qxd5 6. Nc2 Nf6 7. Nc3 Qe5 8. Bg2 Na6 9. O-O Be7 10. Ne1 Bf5 11.
d3 exd3 12. Nxd3 Bxd3 13. Qxd3 Rd8 14. Bxc6+ bxc6 15. Qxa6 O-O 16. Qxc6 Bb4 17. Bf4 Qh5 18. Qf3 Qxf3 19. exf3 Bxc3 20. bxc3 Rd3 21. Be3 Rxc3 22. Bxa7 Ra8 23. Be3 Nd5 24. Rfe1 h5 25. Kg2 Rca3 26.
Re2 Nxe3+ 27. fxe3 g6 28. e4 Kg7 29. f4 Kf6 30.
Kh3 R8a4 31. e5+ Kg7 32. Kg2 h4 33. Rf2 Kh6 34. Kh3 hxg3 35. hxg3 Kg7 36. Kh4 Ra5 37. Kg4 R3a4 38. Re2 Ra3 39. Kh4 R3a4 40. Kg4 Ra3 41. e6 fxe6 42. Rxe6 Rxa2 43. Rb1 Ra6 44. Rb7+ Kf8 45.
Rxa6 Rxa6 46. Kg5 Kg8 47. Kh6 Kf8 48. g4 Rf6 49. g5 Rc6 50. Rg7 Rc4 51. Kxg6 Rxf4 52.
Ra7 Rf1 53. Ra8+ Ke7 54. Kg7 Rf7+ 55. Kh6 Rf1 56. g6 Rh1+ 57. Kg7 Rg1 58. Ra2 1-0

[Event "Late-Titled-Tuesday-Blitz-February-06-2024"]
[Site "Chess.com"]
[Date "2024.02.06"]
[Round "11"]
[White "GMBenjaminBok"]
[Black "Jarrahi2452"]
[Result "1-0"]
[WhiteElo "2999"]
[BlackElo "2807"]
[TimeControl "180+1"]
[EndTime "16:05:48 PST"]
[Termination "GMBenjaminBok won by resignation"]

1. d4 d5 2. c4 c6 3. Nf3 Nf6 4. cxd5 cxd5 5. Nc3 Nc6 6. Bf4 Bf5 7. e3 e6 8. Qb3 Bb4 9. Ne5 Bxc3+ 10. bxc3 Nxe5 11.
Bxe5 O-O 12. Be2 b6 13. f3 Rc8 14. O-O Nd7 15. Bg3 Qe7 16. Rfc1 h5 17. Ba6 Rce8 18.
Qb4 e5 19. Qxe7 Rxe7 20. Bb5 Rc8 21. Bxd7 Bxd7 22. Bxe5 f6 23. Bg3 Rxe3 24. Be1 Bf5 25. a4 Re2 26. a5 Rce8 27. axb6 axb6 28. Bg3 Bd3 29. h4 b5 30. Re1 Rxe1+ 31. Bxe1 Re2 32. Bg3 g5 33. Ra6 Kf7 34. hxg5 fxg5 35. Be5 g4 36. Rf6+ Ke7 37. Rh6 gxf3 38. gxf3 Rc2 39. Bd6+ Kd7 40.
Bb4 Be2 41. Kf2 Bd1+ 42. Kg3 Re2 43. Rxh5 Ke6 44. Rh6+ Kf5 45. Rd6 Re3 46. Rxd5+ Ke6 47. Rxb5 Rxf3+ 48. Kg2 Rd3 49. Kf2 Rf3+ 50. Ke1 Bc2 51. d5+ Ke5 52. d6+ Ke6 53. Rb7 Rd3 54.
Re7+ Kf6 55. Ke2 Rd5 56. Ke3 Bf5 57. c4 Re5+ 58. Kd4 Rxe7 59. dxe7 Kf7 60. Ke5 Bd7 61. Kd6 Ke8 62. c5 Bg4 63. c6 Bh3 64. Kc7 Be6 65.
Kb8 1-0

[Event "Late-Titled-Tuesday-Blitz-February-06-2024"]
[Site "Chess.com"]
[Date "2024.02.06"]
[Round "11"]
[White "Szparu"]
[Black "Jospem"]
[Result "1-0"]
[WhiteElo "2829"]
[BlackElo "3015"]
[TimeControl "180+1"]
[EndTime "16:05:49 PST"]
[Termination "Szparu won by checkmate"]

1. e4 a5 2. d4 a4 3. Bc4 e6 4. Nc3 c6 5. e5 d5 6. exd6 Nf6 7. Nf3 Bxd6 8. O-O Nbd7 9. a3 O-O 10. Re1 Qc7 11. Bg5 b5 12. Bd3 h6 13. Bh4 Bb7 14. Qe2 Rae8 15. Bg3 Bxg3 16. hxg3 Qb6 17. Ne4 Rd8 18. Rad1 c5 19. dxc5 Nxc5 20. Nxf6+ gxf6 21.
Qe3 Kg7 22. Be2 Qc6 23. Bf1 Ne4 24. Nd4 Qc7 25. c3 b4 26. axb4 Ng5 27. Ra1 Ra8 28. Bb5 Bd5 29. Rxa4 Rxa4 30. Bxa4 Qb7 31. f3 Ra8 32. Bc2 Ra2 33. Qc1 Qb8 34. f4 Nh7 35. Bxh7 Kxh7 36. c4 Qa7 37. Kh2 Qxd4 38. Qb1+ f5 39.
Qxa2 Bxc4 40. Qa3 Bd5 41. Re2 Qc4 42. Rd2 h5 43. Qc3 Qe4 44. Qf6 Kg8 45. b5 h4 46.
Qxh4 Kf8 47. Qd8+ Kg7 48. Qg5+ Kh7 49. Qf6 Qc4 50. Qxf7+ Kh6 51. Qf6+ Kh7 52. b6 Qc1 53. Rxd5 exd5 54. Qxf5+ Kh6 55. Qxd5 Kh7 56. b7 Qc7 57. Qh5+ Kg8 58. Qe8+ Kh7 59. b8=Q Qc8 60. Qbxc8 Kg7 61. Qg4+ Kf6 62. Qgg6# 1-0

[Event "Late-Titled-Tuesday-Blitz-February-06-2024"]
[Site "Chess.com"]
[Date "2024.02.06"]
[Round "11"]
[White "HajiyevKanan"]
[Black "terrortoast"]
[Result "0-1"]
[WhiteElo "2575"]
[BlackElo "2451"]
[TimeControl "180+1"]
[EndTime "16:05:49 PST"]
[Termination "terrortoast won on time"]

1. d4 Nf6 2. Nf3 g6 3. g3 Bg7 4. Bg2 d5 5. O-O O-O 6. b3 a5 7. a3 a4 8. b4 Ne4 9. Bb2 c6 10. Nfd2 Nd6 11. e4 dxe4 12. Nxe4 Nd7 13. Nbd2 Nb6 14.
Nxd6 exd6 15. c4 d5 16. c5 Nd7 17. Re1 Nf6 18. Nb1 Bg4 19. Qc2 h5 20. Nc3 h4 21.
Nxa4 h3 22. Bh1 Bf5 23. Qb3 Be4 24. f3 Bf5 25. Nb6 Rb8 26. a4 Qc7 27. Bc1 Rbe8 28. Bf4 Qd8 29. Be5 Bh6 30. Qc3 Re6 31. g4 Bxg4 32. fxg4 Nxg4 33. Qxh3 Qg5 34. Qg3 Rfe8 35. Bf3 Nxe5 36. dxe5 Rxe5 37. Rxe5 Rxe5 38. Qxg5 Bxg5 39. b5 Be3+ 40. Kg2 Bxc5 41. bxc6 bxc6 42. Nd7 Rg5+ 43.
Kh1 Bd4 44. Rd1 Ba7 45. a5 f6 46. Nxf6+ Kf7 47. Ng4 Ke6 48. Kg2 Kd7 49. h4 Rf5 50. Rf1 Kc7 51. Rb1 Rf4 52. a6 Bb6 53. Ra1 Rb4 54.
Ne5 Rb2+ 55. Kg3 Ba7 56. Nxg6 d4 57. h5 d3 58. Rd1 d2 59. Kg4 c5 60. Ne5 Rb4+ 0-1

[Event "Late-Titled-Tuesday-Blitz-February-06-2024"]
[Site "Chess.com"]
[Date "2024.02.06"]
[Round "11"]
[White "Kosak12"]
[Black "ChessLover0108"]
[Result "1/2-1/2"]
[WhiteElo "2843"]
[BlackElo "2999"]
[TimeControl "180+1"]
[EndTime "16:05:50 PST"]
[Termination "Game drawn - insufficient material"]

1. e4 d5 2. exd5 Qxd5 3. Nc3 Qd8 4. d4 c6 5. Bc4 Bf5 6. Nf3 e6 7. Qe2 Nd7 8. Bd2 Ngf6 9. O-O-O Be7 10. Ne5 Nxe5 11.
dxe5 Nd5 12. Ne4 Qc7 13. g4 Bg6 14. f4 O-O-O 15. Rhf1 h5 16. f5 Bh7 17. fxe6 fxe6 18. Ng5 Bxg5 19. Bxg5 Rdf8 20. gxh5 Rxf1 21. Rxf1 Bf5 22.
h4 Qa5 23. a3 b5 24. Bd3 b4 25. Bxf5 exf5 26. Qc4 Kb7 27. Rxf5 bxa3 28. Rf7+ Kb8 29.
Qb3+ Nb6 30. bxa3 Ka8 31. Bd2 Qxe5 32. Qc3 Qd5 33. Qxg7 Qh1+ 34. Kb2 Na4+ 35. Ka2 Qd5+ 36. Ka1 Qh1+ 37. Ka2 Nc3+ 38. Bxc3 Qd5+ 39. Kb2 Rb8+ 40.
Bb4 Qc5 41. Qc3 Qd5 42. Rf4 c5 43. Qf3 Qxf3 44. Rxf3 cxb4 45. Rb3 bxa3+ 46. Kxa3 Rc8 47. h6 Rc6 48. Rh3 Rxh6 49. h5 Kb7 50. Kb4 Kb6 51.
c4 a5+ 52. Kc3 Kc5 53. Rh4 a4 54. Rh3 a3 55. Kb3 a2 56. Kxa2 Kxc4 57. Kb2 Kd4 58. Kc2 Ke4 59. Kd2 Kf4 60. Ke2 Kg4 61.
Rh1 Rxh5 62. Rxh5 Kxh5 1/2-1/2

[Event "Late-Titled-Tuesday-Blitz-February-06-2024"]
[Site "Chess.com"]
[Date "2024.02.06"]
[Round "11"]
[White "dennisodessa"]
[Black "FaustinoOro"]
[Result "1-0"]
[WhiteElo "2620"]
[BlackElo "2762"]
[TimeControl "180+1"]
[EndTime "16:05:52 PST"]
[Termination "dennisodessa won on time"]

1. d4 Nf6 2. c4 e6 3. Nc3 Bb4 4. Qc2 d5 5. a3 Bxc3+ 6. Qxc3 O-O 7. Bg5 Nbd7 8. e3 h6 9. Bh4 c6 10. Nf3 b6 11. cxd5 cxd5 12. Bd3 Bb7 13. O-O Rc8 14. Qd2 Qe7 15. Rac1 Nb8 16. Ne5 Rxc1 17. Rxc1 Rc8 18. Rxc8+ Bxc8 19. Qc3 Bb7 20. Ng4 Nc6 21. b4 a5 22. b5 Nd8 23. Bxf6 gxf6 24. Nxh6+ Kg7 25. Ng4 f5 26. Ne5 f6 27. Nf3 Nf7 28. a4 Nd6 29.
Nd2 Bc8 30. Qc6 Qd8 31. g3 Bb7 32. Qc2 Nf7 33. h4 Bc8 34. Qc3 Bd7 35. Bb1 Qb8 36. Nf3 Qd6 37. Ne1 Nh6 38. Nd3 Nf7 39. Nf4 Nh6 40.
Nh5+ Kg6 41. Nf4+ Kg7 42. Bc2 Ng4 43. Bd1 Nh6 44. Qd2 Be8 45. Qc3 Bd7 46. Kg2 Ng8 47. Qc2 Nh6 48. Qe2 e5 49. Nd3 Nf7 50. Qh5 Qe7 51.
Bb3 Be6 52. Qe2 Qa3 53. Qc2 Qd6 54. Qc6 Qa3 55. Qxe6 Qxb3 56. Qxf5 exd4 57. exd4 Qxa4 58. Nf4 Qxb5 59. Ne6+ Kg8 60. Qxf6 1-0

[Event "Late-Titled-Tuesday-Blitz-February-06-2024"]
[Site "Chess.com"]
[Date "2024.02.06"]
[Round "11"]
[White "Mikhail_Golubev"]
[Black "sergiochess83"]
[Result "1-0"]
[WhiteElo "2703"]
[BlackElo "2901"]
[TimeControl "180+1"]
[EndTime "16:05:56 PST"]
[Termination "Mikhail_Golubev won on time"]

1. e4 e6 2. d4 d5 3. Nc3 Nf6 4. Bg5 h6 5. Bxf6 Qxf6 6. exd5 Bb4 7. Bd3 exd5 8. Ne2 c6 9. O-O O-O 10. Qd2 Nd7 11. a3 Bd6 12. Rad1 Re8 13. f4 Qd8 14. Ng3 Nf6 15. Nf5 Bxf5 16. Bxf5 Qb6 17. b4 a5 18. Na4 Qc7 19. Nc5 Re7 20. g3 Rae8 21. Rfe1 axb4 22. axb4 g6 23. Bd3 b6 24. Nb3 Kg7 25. c3 c5 26.
bxc5 bxc5 27. dxc5 Bxc5+ 28. Nd4 Qb6 29. Rxe7 Bxd4+ 30. cxd4 Qxd4+ 31. Qe3 Qxe3+ 32. Rxe3 Rxe3 33. Bf1 Ra3 34. Bg2 Ra5 35. h3 h5 36. Rd4 Kf8 37. Rb4 Ra1+ 38. Kf2 Ra2+ 39. Kf1 Ra7 40. Kf2 Ke7 41. Bf3 Rd7 42. g4 hxg4 43. hxg4 Ne8 44. Rd4 Nc7 45. Ke3 Kd6 46. Rd2 Re7+ 47. Kf2 Kc5 48.
Rc2+ Kb6 49. Ra2 Kc5 50. Rc2+ Kd6 51. Rd2 Re8 52. Rd1 Ra8 53. Rd2 Ra3 54. g5 Ra5 55. Rd1 Ne6 56. f5 gxf5 57. Bh5 Nxg5 58. Kg3 Ra3+ 59. Kf4 Ne6+ 60. Kxf5 Rf3+ 61. Bxf3 1-0

[Event "Late-Titled-Tuesday-Blitz-February-06-2024"]
[Site "Chess.com"]
[Date "2024.02.06"]
[Round "11"]
[White "igorknyazev"]
[Black "N_Mullodzhanov"]
[Result "0-1"]
[WhiteElo "2206"]
[BlackElo "2486"]
[TimeControl "180+1"]
[EndTime "16:05:56 PST"]
[Termination "N_Mullodzhanov won by resignation"]

1. e4 c6 2. d4 d5 3. Nc3 dxe4 4. Nxe4 Nf6 5. Ng5 e6 6. Bc4 Bd6 7. Ne2 h6 8. Nh3 O-O 9. Bf4 Re8 10. Bxd6 Qxd6 11.
Qd3 b5 12. Bb3 Na6 13. c3 Nc5 14. Qg3 Qxg3 15. Nxg3 Nxb3 16. axb3 e5 17. O-O-O Bxh3 18. gxh3 e4 19. Rhe1 a5 20. Re3 Re7 21. Rde1 Rae8 22. f3 Nd5 23. Rxe4 Kf8 24. Nf5 Rxe4 25. fxe4 Nf4 26.
Nd6 Re6 27. Rf1 g5 28. e5 Nxh3 29. Rxf7+ Kg8 30. Rc7 Ng1 31. Rc8+ Kh7 32. Rxc6 g4 33. Rc7+ Kg6 34. Nf7 Nf3 35. d5 Re8 36. e6 Nxh2 37.
Ne5+ Kh5 38. Nd7 g3 39. Nf6+ Kh4 40. Nxe8 g2 41. Rg7 Ng4 42. e7 g1=Q+ 43. Kc2 Qg2+ 44. Kc1 Qf1+ 45. Kd2 Qf2+ 46. Kc1 Qe1+ 47. Kc2 Ne3+ 48. Kd3 Nxd5 49. Nd6 Nxe7 50. Rxe7 Qd1+ 51. Ke4 Qxd6 52. Re5 Qg6+ 53. Kd4 Qf6 54. Ke4 h5 55. Rxb5 Kg4 56. Rd5 h4 57. c4 h3 58. Rd4 Qxd4+ 59. Kxd4 h2 60. Kc5 h1=Q 61. Kb5 Qe1 62. c5 Qb4+ 63. Kc6 Kf5 64. Kd6 Kf6 65. Kd5 Ke7 66. Kc6 Kd8 67.
Kd6 Kc8 68. Kc6 Qxb3 69. Kd6 Qxb2 70. c6 Qd4+ 71. Ke6 Qc5 0-1

[Event "Late-Titled-Tuesday-Blitz-February-06-2024"]
[Site "Chess.com"]
[Date "2024.02.06"]
[Round "11"]
[White "Doublekk14"]
[Black "babero_gordo"]
[Result "0-1"]
[WhiteElo "2295"]
[BlackElo "2132"]
[TimeControl "180+1"]
[EndTime "16:05:56 PST"]
[Termination "babero_gordo won on time"]

1. c4 e5 2. Nc3 Nc6 3. e3 f5 4.
Nf3 Nf6 5. d4 e4 6. Nd2 d5 7. cxd5 Nxd5 8. Bc4 Be6 9. Qb3 Na5 10.
Qa4+ c6 11. Bxd5 Bxd5 12. b4 Nc4 13. b5 Nb6 14. Qc2 Bb4 15. Nxd5 cxd5 16. O-O O-O 17.
Qb3 Bd6 18. a4 Rc8 19. Ba3 Nc4 20. Nxc4 Rxc4 21. Rac1 Rxc1 22. Rxc1 Qe7 23. Bxd6 Qxd6 24. Rc5 Rd8 25. a5 g5 26. b6 axb6 27. axb6 f4 28. Rc7 Ra8 29. Qc3 Qxb6 30. Rc8+ Rxc8 31. Qxc8+ Kg7 32.
h4 fxe3 33. fxe3 Qc6 34. Qh3 gxh4 35. Qg4+ Qg6 36. Qd7+ Qf7 37. Qg4+ Kf8 38. Qxh4 Qe7 39. Qh6+ Qg7 40. Qd6+ Qe7 41. Qxd5 b6 42. Qf5+ Ke8 43. g3 Kd8 44. Kg2 b5 45. Kh3 b4 46.
Kg4 b3 47. Qb5 b2 48. Qxb2 Qd7+ 49.
Kf4 Qd6+ 50. Kxe4 Qg6+ 51. Ke5 Qxg3+ 52. Kd5 Qg5+ 53. Kc4 Qxe3 54. Kc5 Qe7+ 55. Kc4 Qc7+ 56. Kd3 Qg3+ 57. Kc4 Qc7+ 58. Kb3 Qb6+ 59. Ka2 Qxb2+ 60. Kxb2 h5 61. Kc3 h4 62. Kd3 h3 63. Ke3 h2 64.
Kf2 h1=Q 0-1

[Event "Late-Titled-Tuesday-Blitz-February-06-2024"]
[Site "Chess.com"]
[Date "2024.02.06"]
[Round "11"]
[White "kingofthenil"]
[Black "DinaBelenkaya"]
[Result "1-0"]
[WhiteElo "2680"]
[BlackElo "2449"]
[TimeControl "180+1"]
[EndTime "16:05:59 PST"]
[Termination "kingofthenil won by checkmate"]

1. e4 c6 2. c4 d5 3. cxd5 cxd5 4. exd5 Nf6 5. Nc3 Nbd7 6. Nf3 g6 7. Bc4 Bg7 8. O-O O-O 9. d3 a6 10. a4 b6 11. Re1 Bb7 12. d4 Rc8 13. Qb3 Qc7 14. Bf1 Qb8 15. Rxe7 Rfe8 16. Rxe8+ Rxe8 17. Bg5 Qd6 18. Bc4 h6 19. Bh4 Nh5 20. Bg3 Nxg3 21. hxg3 g5 22. Qd1 Nf6 23. Ne5 Nxd5 24. Qf3 Bxe5 25. dxe5 Rxe5 26. Rd1 g4 27. Qxg4+ Kh8 28. Bxd5 Bxd5 29.
Qd4 Qf6 30. Nxd5 Re1+ 31. Kh2 Qxd4 32. Rxd4 Re2 33. Rb4 b5 34. axb5 axb5 35. f3 Kg7 36. Rxb5 Rd2 37. Nf4 Rc2 38. Rb6 Rd2 39. g4 Re2 40.
Rg6+ fxg6 41. Nxe2 Kf6 42. f4 g5 43. g3 Ke6 44. Kg2 Kd5 45. b3 Kc5 46. Kf3 Kb4 47. Nd4 Kc3 48. Ke4 Kb4 49. Kd3 Kc5 50. Kc3 Kd5 51.
Kd3 Kc5 52. Nc2 Kb5 53. f5 Kc5 54. b4+ Kb5 55. Kd4 h5 56. gxh5 g4 57. Kc3 Ka4 58.
h6 Kb5 59. h7 Ka4 60. h8=Q Kb5 61. f6 Ka4 62. f7 Kb5 63. f8=Q Ka4 64. Qhg7 Kb5 65.
Qxg4 Ka6 66. Qe2+ Kb6 67. g4 Kb7 68. g5 Kc6 69. g6 Kd7 70. g7 Kc7 71. g8=Q Kc6 72.
Nd4+ Kb7 73. b5 Kb6 74. Qb8+ Ka5 75. Qc7+ Ka4 76. b6 Ka3 77. b7 Ka4 78. b8=Q Ka3 79.
Qee7+ Ka4 80. Qcc4+ Ka5 81. Qcc5+ Ka4 82. Qc6+ Ka5 83. Qcb6+ Ka4 84. Qee8+ Ka3 85. Qgf8+ Ka2 86.
Q6d8 Ka1 87. Nc2+ Ka2 88. Qg8# 1-0

[Event "Late-Titled-Tuesday-Blitz-February-06-2024"]
[Site "Chess.com"]
[Date "2024.02.06"]
[Round "11"]
[White "ccccvhhhj"]
[Black "GeorgiosSouleidis"]
[Result "0-1"]
[WhiteElo "2474"]
[BlackElo "2668"]
[TimeControl "180+1"]
[EndTime "16:05:59 PST"]
[Termination "GeorgiosSouleidis won on time"]

1. d4 Nf6 2. Bg5 d5 3. Nc3 Nbd7 4. f3 c5 5. e3 cxd4 6. exd4 Qb6 7. Qd2 e6 8. O-O-O Bb4 9. g4 a6 10. h4 Qa5 11. Nge2 Nb6 12. Bxf6 gxf6 13. Qf4 Be7 14. Ng3 Bd7 15. Nh5 Rc8 16. Nxf6+ Kd8 17. Nxd7 Kxd7 18.
Bd3 Rxc3 19. bxc3 Qxc3 20. Rde1 Rf8 21. g5 Bb4 22. Kd1 Nc4 23. Bxc4 Qxc4 24. Re3 Qxa2 25. Ke2 Qxc2+ 26. Kf1 Bd2 27. Qe5 Bxe3 28. Qxe3 Qc4+ 29. Kg2 Rc8 30. Kg3 b5 31. Qf4 Qc2 32. Qxf7+ Kc6 33. Qxe6+ Kb7 34. Qxd5+ Qc6 35. Qb3 a5 36. Rb1 b4 37.
Ra1 Kb6 38. Qb2 Qd6+ 39. Kg2 Rc4 40. Rd1 Qd5 41. Qf2 Kb5 42. Kg3 b3 43. Qe3 a4 44.
Qe8+ Kb4 45. Qb8+ Qb5 46. Qf8+ Ka5 47. Qa8+ Qa6 48. Qd8+ Qb6 49. Qd5+ Qb5 50. Qa8+ Kb4 51. Re1 b2 52. Qf8+ Kb3 53. Re3+ Rc3 54. Rxc3+ Kxc3 55. Qc8+ Kd2 56. d5 b1=Q 57. d6 Q1f5 58. Qxf5 Qxf5 59. f4 Ke3 60. d7 Qxd7 61. h5 Qf5 62. Kg2 Qxf4 63.
g6 hxg6 0-1

[Event "Late-Titled-Tuesday-Blitz-February-06-2024"]
[Site "Chess.com"]
[Date "2024.02.06"]
[Round "11"]
[White "edgarhay012"]
[Black "vanyakuba"]
[Result "1-0"]
[WhiteElo "2597"]
[BlackElo "2379"]
[TimeControl "180+1"]
[EndTime "16:06:02 PST"]
[Termination "edgarhay012 won on time"]

1. e4 d5 2. exd5 Qxd5 3. Nf3 Nf6 4. Nc3 Qa5 5. Be2 Bg4 6. O-O Nc6 7. d3 e6 8. Bd2 O-O-O 9. Ng5 Bxe2 10. Nxe2 Bb4 11. Bxb4 Qxg5 12. Bd2 Qg6 13. b4 h5 14. b5 Ne5 15. f3 Nxd3 16. cxd3 Qxd3 17. Bf4 Qxb5 18. Qc2 Nd5 19. Rab1 Qa6 20. Rfc1 Rd7 21. Bg3 h4 22. Bf2 h3 23. g3 e5 24. Nc3 Nxc3 25. Qxc3 Qd3 26. Qxd3 Rxd3 27. Bxa7 Rxf3 28. Bf2 Rd8 29. Rc2 e4 30. Re1 f5 31. Bb6 Rd7 32. Be3 Rd3 33.
Bf4 c6 34. a4 Ra3 35. Rd1 Rfd3 36. Rxd3 exd3 37. Rc5 g6 38. Re5 Kd7 39. Re1 Rxa4 40.
Rd1 Rd4 41. Kf2 c5 42. Be3 Rd5 43. Bd2 c4 44. Bc3 b5 45. Ke3 Kc6 46. Ra1 Rd6 47.
Ra6+ Kd5 48. Ra8 Re6+ 49. Kf3 Re2 50. Rd8+ Kc6 51. Rg8 Rc2 52. Rxg6+ Kd7 53. Bb4 Rb2 54. Ba5 Ra2 55. Bb4 Rb2 56. Ba5 b4 57. Ke3 Rb3 58.
Rb6 c3 59. Rxb4 Ra3 60. Rd4+ Kc6 61. Bb4 d2 62. Bxa3 c2 63. Kxd2 1-0

[Event "Late-Titled-Tuesday-Blitz-February-06-2024"]
[Site "Chess.com"]
[Date "2024.02.06"]
[Round "11"]
[White "JonasEilenberg"]
[Black "Schattman"]
[Result "0-1"]
[WhiteElo "2503"]
[BlackElo "2400"]
[TimeControl "180+1"]
[EndTime "16:06:04 PST"]
[Termination "Schattman won by resignation"]

1. e4 d6 2. d4 Nf6 3. Nc3 g6 4.
Bg5 Bg7 5. Qd2 h6 6. Bf4 g5 7. Bg3 Nh5 8. Be2 Nxg3 9. hxg3 Nd7 10. f4 e5 11. Nf3 exd4 12. Nxd4 Nc5 13. Bf3 g4 14.
Be2 Qe7 15. Qe3 Bd7 16. O-O-O O-O-O 17. Rhe1 Kb8 18. Kb1 a6 19. b4 Bxd4 20. Qxd4 Ne6 21. Qe3 c6 22. Bc4 Nc7 23. Rd2 Bc8 24. Bb3 Rhe8 25. Red1 f5 26. e5 d5 27. a3 Ne6 28.
Ne2 h5 29. Rh1 Rh8 30. Nd4 Nxd4 31. Qxd4 Be6 32. Qf2 Rh7 33. Rd4 Rdh8 34. Rh4 Rc8 35. Rd1 c5 36. Bxd5 Bxd5 37. Rxd5 cxb4 38. Qb6 bxa3 39. Qd6+ Qxd6 40. Rxd6 Rc3 41. Rf6 Rxg3 42.
Rxf5 Rxg2 43. Rhxh5 Rxh5 44. Rxh5 Rf2 45. f5 g3 46. e6 g2 47. Rg5 Rxf5 48. Rxg2 Re5 49. Rg6 Ka7 50. Ka2 Re3 51. Rg7 Rxe6 52. Kxa3 Re3+ 53. Kb2 Re6 54. Rg4 Rb6+ 55. Ka2 Rb5 56. Rc4 Rb6 57. Rc3 Rc6 58. Rxc6 bxc6 59. Kb3 Kb6 60. c3 Kb5 61. c4+ Kc5 62. Kc3 a5 63. Kb3 a4+ 64. Kxa4 Kxc4 65. Ka3 Kc3 66. Ka2 Kc2 67. Ka3 c5 68. Ka4 c4 69. Kb5 c3 0-1